 Seeded DCSS version 0.25-a0-632-g7713895 (webtiles) character file.

Game seed: 6494227084792963015, levelgen mode: deterministic

10497 araganzar the Fighter (level 11, -6/97 HPs)
             Began as a Demigod Conjurer on Mar 19, 2020.
             Mangled by Snorg (16 damage)
             ... on level 10 of the Dungeon.
             The game lasted 00:27:25 (11911 turns).

araganzar the Fighter (Demigod Conjurer)           Turns: 11911, Time: 00:27:26

Health: -6/97      AC: 18    Str: 17    XL:     11   Next: 15%
Magic:  17/17      EV: 11    Int: 19    God:
Gold:   549        SH:  0    Dex: 16    Spells: 11/14 levels left

rFire    . . .     SeeInvis .   a - +4 dagger (elec)
rCold    . . .     Gourm    .   (no shield)
rNeg     . . .     Faith    .   u - +0 chain mail
rPois    +         Spirit   .   g - +0 helmet
rElec    .         Reflect  .   p - +2 cloak {rPois}
rCorr    .         Harm     .   d - +0 pair of gloves
MR       +....                  y - +0 pair of boots
Stlth    ..........             (no amulet)
HPRegen  0.26/turn              H - ring of wizardry {Wiz+, !d}
MPRegen  0.15/turn              D - +3 ring of evasion

@: no status effects
A: high mp 1
a: no special abilities


You were on level 10 of the Dungeon.
You were not hungry.

You visited 1 branch of the dungeon, and saw 12 of its levels.
You also visited: Sewer.

You collected 549 gold pieces.


Innate Abilities, Weirdness & Mutations

You have an increased reservoir of magic. (+10% MP)


   Skills:
 + Level 9.3 Fighting
 + Level 8.5 Short Blades
 + Level 3.8 Axes
 - Level 1.9 Throwing
 + Level 9.1 Armour
 - Level 1.9 Dodging
 - Level 1.9 Stealth
 - Level 2.1 Spellcasting
 - Level 4.5 Conjurations


You had 11 spell levels left.
You knew the following spells:

 Your Spells              Type           Power        Failure   Level  Hunger
a - Magic Dart            Conj           ###.         11%         1    #......
b - Searing Ray           Conj           ###...       16%         2    ##.....

Your spell library contained the following spells:

 Spells                   Type           Power        Failure   Level  Hunger
 Shock                    Conj/Air       ##..         26%         1    #......
 Dazzling Flash           Conj/Hex       ##....       58%         3    ###....
 Static Discharge         Conj/Air       ##......     58%         3    ###....
 Swiftness                Chrm/Air       #.......     67%         2    ##.....
 Fulminant Prism          Conj/Hex       ##........   92%         4    #####..
 Iskenderun's Mystic Bla  Conj/Tloc      ##......     92%         4    #####..
 Airstrike                Air            #.........   99%         4    #####..
 Lightning Bolt           Conj/Air       ##........   99%         5    ######.

Inventory:

Hand Weapons
 a - a +4 dagger of electrocution (weapon)
   (You took it off a kobold in a sewer)
 b - a +2 dagger of venom
   (You took it off an orc priest on level 8 of the Dungeon)
 e - a +0 whip of electrocution
   (You took it off Pikel on level 8 of the Dungeon)
 k - a +0 trident
   (You took it off Robin on level 2 of the Dungeon)
 B - a +0 rapier of venom
   (You found it on level 4 of the Dungeon)
 E - the +0 short sword "Joysih" {flame, rN+}
   (You found it on level 5 of the Dungeon)

   It has been specially enchanted to burn those struck by it, causing extra
   injury to most foes and up to half again as much damage against particularly
   susceptible opponents.
   It protects you from negative energy.
 K - a +1 vorpal war axe
   (You found it on level 7 of the Dungeon)
Missiles
 n - 38 poisoned darts (quivered)
Armour
 d - a +0 pair of gloves (worn)
   (You found it on level 9 of the Dungeon)
 g - a +0 helmet (worn)
   (You found it on level 1 of the Dungeon)
 i - a +2 robe of fire resistance
   (You took it off Jessica on level 2 of the Dungeon)
 p - a +2 cloak of poison resistance (worn)
   (You took it off Crazy Yiuf on level 2 of the Dungeon)
 t - a +2 tower shield
   (You found it on level 3 of the Dungeon)
 u - a +0 chain mail (worn)
   (You found it on level 3 of the Dungeon)
 y - a +0 pair of boots (worn)
   (You found it on level 3 of the Dungeon)
 N - a +0 troll leather armour {regen}
   (You found it on level 11 of the Dungeon)
Magical Staves
 f - an uncursed staff of earth
   (You found it on level 5 of the Dungeon)
 q - an uncursed staff of power {MP+17, !a}
   (You found it on level 6 of the Dungeon)
Jewellery
 h - an uncursed ring of positive energy {rN+}
   (You found it on level 1 of the Dungeon)
 v - an uncursed ring of poison resistance {rPois, !d}
   (You found it on level 8 of the Dungeon)
 D - a +3 ring of evasion (right hand)
   (You found it on level 5 of the Dungeon)
 G - an uncursed ring of fire {rF+, rC-}
   (You found it on level 6 of the Dungeon)
 H - a ring of wizardry (left hand) {Wiz+, !d}
   (You found it on level 6 of the Dungeon)
Wands
 F - a wand of paralysis (4)
   (You found it on level 6 of the Dungeon)
 L - a wand of digging (5)
   (You took it off Psyche on level 9 of the Dungeon)
Scrolls
 j - 7 scrolls of remove curse
 l - a scroll of teleportation
 C - a scroll of amnesia
 J - a scroll of enchant weapon
Potions
 m - 6 potions of flight
 o - 2 potions of cancellation {unknown}
 s - 4 potions of curing
 w - 2 potions of brilliance
 x - 6 potions of heal wounds
 z - a potion of lignification {!q}
 A - a potion of might {unknown}
 I - 3 potions of stabbing
 M - a potion of magic {unknown}
Comestibles
 c - 17 rations

##############
#.............
#.............
#.....@T......
#.............
#.............
.
#.............
.......
#.............
.......
#.............
......
#.############
#.... #.#
#.... #.#
#....


You could see Snorg (berserk).


Message History

Unknown command.
You barely miss Snorg. Snorg bites you but does no damage.
Snorg closely misses you. Snorg claws you.
You hit Snorg but do no damage. Snorg closely misses you.
Snorg claws you but does no damage. x2
You closely miss Snorg. Snorg bites you! Snorg claws you but does no damage.
Snorg claws you.
You take 9 damage, and have 78/97 hp.
You hit Snorg.
Snorg looks more healthy.
Snorg barely misses you. Snorg claws you! x2
You take 21 damage, and have 57/97 hp.
MASSIVE DAMAGE!!
You puncture Snorg! Snorg bites you but does no damage.
Snorg barely misses you. Snorg claws you!
You take 13 damage, and have 44/97 hp.
You hit Snorg but do no damage. Snorg barely misses you.
Snorg closely misses you. x2
Unknown command.
You hit Snorg. Lightning courses through Snorg! You closely miss Snorg.
Snorg barely misses you. Snorg claws you! Snorg claws you but does no damage.
You take 12 damage, and have 32/97 hp.
You hit Snorg. Snorg barely misses you. Snorg closely misses you. x2
Unknown command.
You closely miss Snorg. Snorg bites you!
* * * LOW HITPOINT WARNING * * *
Snorg claws you!
* * * LOW HITPOINT WARNING * * *
Snorg claws you!
You die...

Action                   |  1- 3 |  4- 6 |  7- 9 | 10-12 || total
-------------------------+-------+-------+-------+-------++-------
Melee: Whip              |     9 |       |       |       ||     9
       Trident           |       |     2 |       |       ||     2
       War axe           |       |    32 |       |       ||    32
       Dagger            |       |    85 |   366 |   360 ||   811
Throw: Dart              |       |       |       |     5 ||     5
 Cast: Magic Dart        |    73 |    54 |     2 |       ||   129
       Searing Ray       |     2 |    12 |     4 |     1 ||    19
Evoke: Wand              |       |       |     2 |     3 ||     5
  Use: Scroll            |       |     2 |    14 |     5 ||    21
       Potion            |       |       |       |     2 ||     2
 Stab: Sleeping          |       |     2 |       |       ||     2
       Paralysed         |       |       |     4 |     2 ||     6
  Eat: Chunk             |     2 |    12 |     9 |     4 ||    27
       Ration            |       |       |     2 |     1 ||     3
Armor: Robe              |     5 |    33 |       |       ||    38
       Chain mail        |       |    28 |   137 |   158 ||   323
Dodge: Dodged            |    10 |    67 |   103 |   157 ||   337

Levels and vault maps discovered:
D:1:      dpeg_arrival_boxorama, layout_loops_ring, minmay_misc_feat_hallway
D:2:      layout_loops_ring, lemuel_crystal_altar, uniq_jessica, uniq_robin,
          uniq_crazy_yiuf_cottage
D:3:      layout_basic, lemuel_doored_altar, portal_sewer_entry_b
D:4:      layout_loops_corners
D:5:      layout_loops_corners, minmay_temple_entry_glass, first_ration,
          basic_altar, corexii_checkpoint_a
D:6:      layout_basic, basic_altar, uniq_sigmund
D:7:      layout_cave_pools, the_bakery
D:8:      layout_basic, nicolae_dithmenos_the_darkroom,
          overflow_temple_1_default, david_lair_shrubbed, uniq_pikel
D:9:      layout_basic, nicolae_overflow_quartered_altars, uniq_psyche,
          uniq_erolcha
D:10:     layout_long_grid, erik_orc_1, nemelex_diamond_rough_becter, uniq_snorg
D:11:     layout_gridville, serial_shops, shop
D:12:     cheibrodos_lost_city_excavation, layout_small_grid,
          serial_co_window_serial, co_window_corner_a, co_window_paths_b,
          co_window_paths_a, co_window_cross_1, co_window_paths_b,
          co_window_of_opportunity_b, co_window_corner_b, co_window_broadway_b,
          co_window_corner_b, co_window_broadway_a, glass_columns_a,
          glass_columns_c, glass_columns_a, chequers_serial_rivers_micro_b,
          minivault_23

Notes
Turn   | Place    | Note
-------+----------+-------------------------------------------
     0 | D:1      | araganzar the Demigod Conjurer began the quest for the Orb.
     0 | D:1      | Reached XP level 1. HP: 14/14 MP: 5/5
   292 | D:1      | Reached XP level 2. HP: 22/22 MP: 0/7
   296 | D:1      | Learned a level 2 spell: Searing Ray
   361 | D:1      | Reached skill level 1 in Fighting
   698 | D:1      | Reached skill level 4 in Conjurations
   768 | D:1      | You fall into a shaft and drop 1 floor!
   775 | D:2      | Noticed Jessica
   779 | D:2      | Killed Jessica
   779 | D:2      | Reached XP level 3. HP: 29/29 MP: 3/8
   864 | D:2      | Found a bloodstained altar of Trog.
   989 | D:2      | Reached skill level 2 in Fighting
  1208 | D:2      | Noticed Robin
  1214 | D:2      | Killed Robin
  1214 | D:2      | Reached XP level 4. HP: 36/36 MP: 3/9
  1465 | D:2      | Reached skill level 2 in Spellcasting
  1804 | D:2      | Found a runed translucent door.
  1805 | D:2      | Noticed Crazy Yiuf
  1814 | D:2      | Killed Crazy Yiuf
  1814 | D:2      | Reached skill level 1 in Axes
  2080 | D:2      | Learned a level 3 spell: Dazzling Flash
  2096 | D:2      | Reached skill level 2 in Axes
  2096 | D:2      | Reached XP level 5. HP: 23/41 MP: 5/10
  2697 | D:3      | Reached skill level 3 in Axes
  2699 | D:3      | Reached skill level 1 in Armour
  2707 | D:3      | Found a glowing drain.
  2837 | Sewer    | Entered a sewer
  3140 | Sewer    | Reached skill level 1 in Short Blades
  3140 | Sewer    | Reached XP level 6. HP: 47/48 MP: 3/12
  3262 | Sewer    | Reached skill level 2 in Short Blades
  3673 | D:3      | Reached skill level 3 in Short Blades
  4046 | D:3      | Found a sparkling altar of Nemelex Xobeh.
  4772 | D:4      | Reached skill level 4 in Short Blades
  4776 | D:4      | Reached XP level 7. HP: 43/56 MP: 13/13
  5062 | D:5      | Entered Level 5 of the Dungeon
  5360 | D:5      | Found a glowing golden altar of the Shining One.
  5713 | D:5      | Found a staircase to the Ecumenical Temple.
  5726 | D:5      | Reached skill level 2 in Armour
  5860 | D:5      | Got an iridescent short sword
  5861 | D:5      | Identified the cursed +0 short sword "Joysih" {flame, rN+}
                  | (You found it on level 5 of the Dungeon)
  6102 | D:6      | Reached skill level 3 in Fighting
  6280 | D:6      | Found an ancient bone altar of Kikubaaqudgha.
  6378 | D:6      | Noticed Sigmund
  6392 | D:6      | Killed Sigmund
  6392 | D:6      | Reached skill level 5 in Short Blades
  6392 | D:6      | Reached skill level 3 in Armour
  6521 | D:6      | Reached XP level 8. HP: 60/66 MP: 14/14
  6555 | D:6      | Reached skill level 4 in Fighting
  6683 | D:6      | Noticed a troll
  6687 | D:6      | Killed a troll
  6687 | D:6      | Reached skill level 4 in Armour
  6938 | D:6      | Reached skill level 6 in Short Blades
  7106 | D:6      | Reached skill level 5 in Fighting
  7252 | D:7      | Reached skill level 5 in Armour
  7309 | D:7      | Reached XP level 9. HP: 63/75 MP: 15/15
  7332 | D:7      | Reached skill level 6 in Fighting
  7356 | D:7      | Reached skill level 6 in Armour
  7755 | D:8      | Found a shadowy altar of Dithmenos.
  8031 | D:8      | Noticed Pikel
  8042 | D:8      | Killed Pikel
  8042 | D:8      | Reached skill level 7 in Fighting
  8306 | D:8      | Found a stormy altar of Qazlal.
  8369 | D:8      | Found a staircase to the Lair.
  8370 | D:8      | Noticed a komodo dragon
  8396 | D:8      | Killed a komodo dragon
  8396 | D:8      | Reached skill level 7 in Armour
  8699 | D:8      | Reached skill level 7 in Short Blades
  8954 | D:9      | Noticed Psyche
  8965 | D:9      | Killed Psyche
  9144 | D:9      | Found a shimmering blue altar of Sif Muna.
  9251 | D:9      | Reached XP level 10. HP: 86/86 MP: 16/16
  9296 | D:9      | Noticed Erolcha
  9385 | D:9      | Found a burning altar of Makhleb.
  9422 | D:9      | Killed Erolcha
  9422 | D:9      | Reached skill level 8 in Fighting
  9437 | D:9      | Found a hazy altar of Hepliaklqana.
  9456 | D:9      | Found a shimmering altar of Xom.
  9672 | D:9      | Reached skill level 8 in Armour
  9980 | D:10     | Entered Level 10 of the Dungeon
 10026 | D:10     | Noticed Snorg
 10066 | D:10     | Reached skill level 8 in Short Blades
 10205 | D:10     | Noticed a two-headed ogre
 10235 | D:10     | Killed a two-headed ogre
 10508 | D:10     | You fall into a shaft and drop 2 floors!
 10547 | D:12     | Noticed a two-headed ogre
 10554 | D:12     | Reached skill level 1 in Throwing
 10559 | D:12     | Reached skill level 9 in Fighting
 10590 | D:12     | Killed a two-headed ogre
 10596 | D:12     | Reached XP level 11. HP: 53/97 MP: 17/17
 11282 | D:11     | Reached skill level 9 in Armour
 11911 | D:10     | Mangled by Snorg

Vanquished Creatures
  Erolcha (D:9)
  2 two-headed ogres
  Pikel (D:8)
  An ugly thing (D:11)
  Psyche (D:9)
  A komodo dragon (D:8)
  3 trolls
  A hippogriff (D:10)
  Sigmund (D:6)
  A spriggan (D:7)
  2 wyverns (D:10)
  6 yaks (D:12)
  A steam dragon (D:10)
  3 vampire mosquitoes (D:12)
  An acid dragon (D:9)
  2 water moccasins
  An orc warrior (D:6)
  5 ice beasts
  2 phantoms (D:7)
  A sky beast (D:9)
  2 slaves (D:8)
  5 ogres
  A necrophage (D:8)
  4 centaurs
  2 big kobolds (Sewer)
  A wyvern skeleton (D:12)
  A scorpion (D:8)
  3 killer bees (D:9)
  7 howler monkeys
  6 crimson imps
  6 hounds
  A quasit (D:9)
  4 jellies
  9 orc priests
  Crazy Yiuf (D:2)
  A bullfrog skeleton (D:8)
  A gnoll shaman (D:4)
  Jessica (D:2)
  2 iguanas
  7 worker ants
  6 orc wizards
  3 hound zombies
  A worker ant zombie (D:10)
  Robin (D:2)
  2 howler monkey zombies
  9 adders
  8 gnolls
  A howler monkey skeleton (D:5)
  A river rat (D:3)
  A shadow imp (D:12)
  An ooze (D:3)
  3 worms
  4 dart slugs
  7 leopard geckos
  28 orcs
  5 ball pythons
  12 giant cockroaches
  15 goblins
  6 hobgoblins
  A quokka (D:2)
  7 bats
  7 frilled lizards
  19 kobolds
  A leopard gecko skeleton (D:6)
  A quokka skeleton (D:7)
  6 rats
258 creatures vanquished.

Vanquished Creatures (collateral kills)
  A crocodile (D:9)
  A wyvern skeleton (D:9)
2 creatures vanquished.

Vanquished Creatures (others)
  An orc (D:8)
  A plant (D:8)
2 creatures vanquished.

Grand Total: 262 creatures vanquished
